 Dungeon Crawl Stone Soup version 0.30-a0-1160-g6e42c06551 (webtiles) character file.

Game seed: 17141215451275494882

140 GordonOverkill the Sneak (level 5, 0/41 HPs)
             Began as a Mummy Delver on Apr 25, 2023.
             Slain by a ball python (3 damage)
             ... on level 3 of the Dungeon.
             The game lasted 00:07:03 (2363 turns).

GordonOverkill the Sneak (Mummy Delver)             Turns: 2363, Time: 00:07:04

Health: 0/41       AC:  9    Str: 15    XL:     5   Next: 2%
Magic:  5/7        EV:  9    Int: 18    God:
Gold:   128        SH:  5    Dex: 13    Spells: 7/7 levels left

rFire   x . .        p - +2 hand axe (vamp)
rCold   + . .        (no shield)
rNeg    + + +        j - +0 chain mail
rPois   ∞            (no helmet)
rElec   .            n - +0 cloak
rCorr   .            (no gloves)
SInv    .            (no boots)
Will    .....        i - amulet of reflection Stlth
                     m - +5 ring of evasion
HPRegen 0.26/turn    a - +6 ring of intelligence
MPRegen 0.10/turn

%: reflection, faith
@: constricted
A: cold resistance 1, negative energy resistance 3, torment resistance 2, heat
vulnerability 1, in touch with death 1, no potions, faith
a: no special abilities


You were on level 3 of the Dungeon.
You visited 1 branch of the dungeon, and saw 5 of its levels.

You collected 128 gold pieces.

Inventory:

Hand Weapons
 p - a +2 vampiric hand axe (weapon)
Armour
 b - a +0 leather armour
 j - a +0 chain mail (worn)
 n - a +0 cloak (worn)
Jewellery
 a - a +6 ring of intelligence (right hand)
 i - an amulet of reflection (around neck)
 m - a +5 ring of evasion (left hand)
Wands
 f - a wand of digging (3)
Scrolls
 c - 3 scrolls of fog
 d - a scroll of magic mapping
 e - a scroll of fear
 g - 2 scrolls of blinking {unknown}
 h - 3 scrolls of teleportation {unknown}
 k - a scroll of summoning {unknown}
 l - a scroll of enchant weapon {unknown}
 q - 2 scrolls of identify {unknown}


   Skills:
 - Level 3.0 Fighting
 - Level 1.5 Polearms
 - Level 1.5 Dodging
 - Level 6.0 Stealth
 + Level 1.5 Spellcasting


You had 7 spell levels left.
You didn't know any spells.
Your spell library was empty.

Dungeon Overview and Level Annotations

Branches:
Dungeon (5/15)
 Temple: D:4-7

Altars:
Ashenzari
Fedhas
Hepliaklqana
Yredelemnul

Shops:
D:4 (*

Annotations:
D:5 Eustachio


Innate Abilities, Weirdness & Mutations

You are immune to poison.
Your flesh is cold resistant. (rC+)
You are immune to negative energy. (rN+++)
You are immune to unholy pain and torment.
You are vulnerable to heat. (rF-)
You are in touch with the powers of death.
You do not drink.
You have a special connection with the divine. (Faith)


Message History

You hit the orc. The orc hits you but does no damage.
You block the orc's attack. The orc closely misses you.
The orc completely misses you.
You barely miss the orc.
The orc is heavily wounded.
You hit the ball python. You hit the orc.
You kill the orc!
You hit the orc. You closely miss the orc.
The ball python closely misses you. x2
The orc priest invokes the aid of Beogh against you.
Beogh smites you!
The orc barely misses you. x2; You block the orc's attack.
The orc hits you with a +0 whip.
The orc priest miscasts a cantrip.
The ball python closely misses you. The ball python grabs you.
The ball python constricts you. The orc hits you with a +0 morningstar!
* * * LOW HITPOINT WARNING * * *
You are too injured to fight recklessly!
You are too injured to fight recklessly!
You are too injured to fight recklessly!
You are too injured to fight recklessly!
You closely miss the orc.
The orc is severely wounded.
You closely miss the orc. You hit the orc but do no damage.
You barely miss the ball python. You block the ball python's attack.
The ball python constricts you. The orc hits you but does no damage.
The orc hits you with a +0 morningstar!
* * * LOW HITPOINT WARNING * * *
The orc hits you but does no damage.
You closely miss the orc.
The orc is severely wounded.
You hit the orc. You hit the ball python. You barely miss the orc priest.
You closely miss the orc.
The ball python bites you but does no damage.
The ball python constricts you. The orc hits you with a +0 short sword.
* * * LOW HITPOINT WARNING * * *
The orc priest hits you with a +0 mace.
* * * LOW HITPOINT WARNING * * *
The orc hits you with a +0 morningstar!
* * * LOW HITPOINT WARNING * * *
The orc barely misses you. The ball python bites you.
You die...

#######..[.......#
[....................#
...........>)......###
.!.......##........#
.......<.##>.......#
.........#.........#
............#.#....# ###
......oo...........###..
.....!o@o....(.........#
......S).###..#.........
..#####.####..#........#
...###.!.........##
.#..#>.).........##. #
#..#...............
#.##..........##### #.
#<#.............
##.#.............


You could see an orc priest, 3 orcs and a ball python.

Vanquished Creatures
  Jessica (D:2)
  5 adders
  3 orcs
  6 ball pythons
  5 bats
  5 endoplasms
  A giant cockroach (D:4)
  7 goblins
  11 hobgoblins
  2 jackals (D:2)
  5 quokkas
  A frilled lizard (D:3)
  6 kobolds
  2 rats (D:2)
60 creatures vanquished.

Notes
Turn   | Place    | Note
-------+----------+-------------------------------------------
     0 | D:5      | GordonOverkill the Mummy Delver began the quest for the
                  | Orb.
     0 | D:5      | Reached XP level 1. HP: 18/18 MP: 1/1
    12 | D:5      | Found a blossoming altar of Fedhas.
    16 | D:5      | Found a broken altar of Ashenzari.
    18 | D:5      | Found a basalt altar of Yredelemnul.
    26 | D:5      | Found a hazy altar of Hepliaklqana.
    29 | D:5      | Noticed Eustachio
   178 | D:4      | Reached XP level 2. HP: 10/24 MP: 2/2
   486 | D:4      | Gained mutation: You are in touch with the powers of death.
                  | [Mummy growth]
   486 | D:4      | Reached XP level 3. HP: 29/29 MP: 3/3
   490 | D:4      | Found Bitzia Jome's General Store.
   491 | D:4      | Noticed a phantom
   495 | D:3      | Reached skill level 5 in Stealth
   572 | D:4      | Found Fajotim's Weapon Shop.
  1095 | D:1      | Reached XP level 4. HP: 34/35 MP: 4/4
  1738 | D:2      | Noticed Jessica
  1749 | D:2      | Killed Jessica
  1750 | D:2      | Reached skill level 6 in Stealth
  1867 | D:2      | Reached skill level 1 in Spellcasting
  2359 | D:3      | Reached XP level 5. HP: 41/41 MP: 5/7
  2363 | D:3      | Slain by a ball python

Illustrated notes

Levels and vault maps discovered:
D:1:      lemuel_arrival_behind_the_door_small, layout_rooms
D:2:      layout_basic, uniq_jessica
D:3:      minmay_evil_eye, layout_rooms, minmay_cut_off
D:4:      kennysheep_six_static_rooms, layout_basic,
          nemelex_diamond_rough_becter, serial_shops, nicolae_shop_peninsula,
          nicolae_shop_tiny_glass, shop, minmay_misc_feat_roman, uniq_natasha
D:5:      layout_rooms, nicolae_overflow_hallway_of_the_gods, uniq_eustachio,
          uniq_menkaure

Skill      XL: |  1  2  3  4 |
---------------+-------------+-----
Stealth        | 5 6 |  6.0
Spellcasting   | 1 |  1.5
Fighting       | |  3.0
Polearms       | |  1.5
Dodging        | |  1.5

Action                     |  1- 3 |  4- 6 || total
---------------------------+-------+-------++-------
  Melee: Spear             |   134 |    15 ||   149
         Punch             |     1 |       ||     1
         Hand axe          |       |    76 ||    76
   Stab: Sleeping          |    10 |     2 ||    12
         Distracted        |     1 |       ||     1
 Armour: Leather armour    |    27 |     2 ||    29
         Ring mail         |       |    12 ||    12
         Chain mail        |       |     9 ||     9
  Dodge: Dodged            |    61 |    98 ||   159
  Block: Other             |     3 |    36 ||    39

Table legend: (Time is in decaauts)
 A = Elapsed time spent in this place.
 B = Non-inter-level travel time spent in this place.
 C = Inter-level travel time spent in this place.
 D = Time resting spent in this place.
 E = Time spent auto-exploring this place.
 F = Levels seen in this place.
 G = Mean time per level.
                   A        B        C        D        E       F      G
               +--------+--------+--------+--------+--------+-----+--------+
         Total |   2387 |   2318 |     69 |    345 |   1170 |   5 |  477.4 |
       Dungeon |   2387 |   2318 |     69 |    345 |   1170 |   5 |  477.4 |
               +--------+--------+--------+--------+--------+-----+--------+

Top non-repeatable levels by time:
     D:2: 1017 daAuts
     D:1: 603 daAuts
     D:4: 554 daAuts
     D:3: 177 daAuts
     D:5: 35 daAuts
